 Dungeon Crawl Stone Soup version 0.20-a0-1089-g3fde505 (webtiles) character file.

113 Duffy the Firebug (level 4, -6/30 HPs)
             Began as a Demonspawn Fire Elementalist on May 3, 2017.
             Mangled by vuev's ghost (13 damage)
             ... on level 4 of the Dungeon.
             The game lasted 00:01:29 (858 turns).

Duffy the Firebug (Demonspawn Fire Elementalist)     Turns: 858, Time: 00:01:30

Health: -6/30      AC:  3    Str:  8    XL:     4   Next: 65%
Magic:  3/8        EV: 12    Int: 18    God:
Gold:   0          SH:  0    Dex: 13    Spells: 1/9 levels left

rFire    . . .     SeeInvis .   (no weapon)
rCold    . . .     Gourm    .   (no shield)
rNeg     . . .     Faith    .   a - +0 robe
rPois    .         Spirit   .   (no helmet)
rElec    .         Reflect  .   e - +0 cloak
rCorr    .         Harm     .   (no gloves)
MR       .....                  (no boots)
Stlth    ++........             (no amulet)
Regen    0.1/turn               (no ring)
MPRegen  0.2/turn               (no ring)

@: no status effects
A: spiny 1
a: no special abilities


You were on level 4 of the Dungeon.
You were not hungry.

You visited 1 branch of the dungeon, and saw 4 of its levels.

Inventory:

Armour
 a - a +0 robe (worn)
 e - a +0 cloak (worn)
Wands
 j - a wand of disintegration (0/24)
 l - a wand of iceblast (10/15)
Scrolls
 f - a scroll of identify {unknown}
 h - a scroll of teleportation {unknown}
 i - 2 scrolls of enchant armour {unknown}
 k - a scroll of remove curse {unknown}
Potions
 d - a potion of haste {unknown}
Books
 b - a book of Flames

   Spells                             Type                      Level
   a - Flame Tongue                   Conjuration/Fire             1
   b - Throw Flame                    Conjuration/Fire             2
   c - Conjure Flame                  Conjuration/Fire             3
   d - Inner Flame                    Hexes/Fire                   3
   e - Sticky Flame                   Conjuration/Fire             4
   f - Fireball                       Conjuration/Fire             5
Comestibles
 c - a bread ration
 g - 3 chunks of flesh


   Skills:
 - Level 1.7 Dodging
 - Level 1.7 Stealth
 + Level 3.0 Spellcasting
 * Level 2.9 Conjurations
 + Level 3.4 Fire Magic


You had one spell level left.
You knew the following spells:

 Your Spells              Type           Power        Failure   Level  Hunger
h - Flame Tongue          Conj/Fire      ##...        4%          1    None
j - Sticky Flame          Conj/Fire      ##......     41%         4    ####...
l - Conjure Flame         Conj/Fire      ##......     13%         3    ###....


Dungeon Overview and Level Annotations

Branches:
Dungeon (4/15)
 Temple: D:4-7

Altars:
Nemelex Xobeh

Annotations:
D:4 vuev's ghost, amateur MiGl


Innate Abilities, Weirdness & Mutations

You are partially covered in sharp spines.


Message History

Casting: Flame Tongue
Confirm with . or Enter, or press ? or * to list all spells.
Aiming: Flame Tongue
Press: ? - help, Shift-Dir - straight line, f/p - vuev's ghost
Aim: vuev's ghost (lightly damaged)
The flame tongue hits vuev's ghost.
Vuev's ghost is moderately damaged.
Vuev's ghost is struck by your spines. Vuev's ghost hits you!
A gnoll comes into view. It is wielding a club.
Casting: Flame Tongue
Confirm with . or Enter, or press ? or * to list all spells.
Aiming: Flame Tongue
Press: ? - help, Shift-Dir - straight line, f/p - vuev's ghost
Aim: vuev's ghost (moderately damaged)
The flame tongue hits vuev's ghost.
Vuev's ghost is moderately damaged.
The gnoll shouts!
The orc wizard closely misses you. Vuev's ghost is struck by your spines.
Vuev's ghost hits you!
You die...

.# ?#
........#########.####.#
....... ...............
....... #.............
...... #.........o..g
#...# #.......g....#
#...# #.....Wo?....#
#...####.....@......#
+###...........(.......#
.....##.###########5..$.
.....##.# .... ...####[#
... ...'_##.# ..
...####%# . .....##.#
.....##.#


You could see an orc wizard, vuev's ghost, 2 gnolls, a crimson imp and an orc.

Vanquished Creatures
  2 orc wizards (D:4)
  4 gnolls (D:4)
  A worm (D:4)
  A leopard gecko (D:4)
  2 orcs
  A goblin (D:3)
  2 hobgoblins
  A rat (D:2)
14 creatures vanquished.

Notes
Turn   | Place    | Note
-------+----------+-------------------------------------------
     0 | D:1      | Duffy the Demonspawn Fire Elementalist began the quest for the Orb.
     0 | D:1      | Reached XP level 1. HP: 13/13 MP: 3/3
   348 | D:4      | Found a sparkling altar of Nemelex Xobeh.
   351 | D:4      | Noticed an orc wizard
   355 | D:4      | Noticed an orc wizard
   426 | D:4      | Killed an orc wizard
   426 | D:4      | Gained mutation: You are partially covered in sharp spines. [demonic ancestry]
   426 | D:4      | Reached XP level 2. HP: 19/19 MP: 2/5
   426 | D:4      | Reached XP level 3. HP: 24/24 MP: 2/6
   433 | D:4      | Reached XP level 4. HP: 30/30 MP: 2/8
   716 | D:4      | Learned a level 3 spell: Conjure Flame
   721 | D:4      | Learned a level 4 spell: Sticky Flame
   850 | D:4      | Noticed vuev's ghost (amateur MiGl)
   858 | D:4      | Mangled by vuev's ghost

Vault maps used:
D:1:      dpeg_arrival_fog
D:3:      first_bread, uniq_natasha
D:4:      lemuel_doored_altar, kennysheep_mini, serial_shops,
          nicolae_shop_stone, uniq_sigmund, uniq_crazy_yiuf_cottage, uniq_ijyb

Skill      XL: |  1  2  3  4 |
---------------+-------------+-----
Conjurations   | 2 |  2.9
Fire Magic     | 3 |  3.4
Spellcasting   | 3 |  3.0
Dodging        | |  1.7
Stealth        | |  1.7

Action                   |  1- 3 |  4- 6 || total
-------------------------+-------+-------++-------
 Cast: Flame Tongue      |    12 |    25 ||    37
Evoke: Wand              |     2 |     1 ||     3
Armor: Robe              |     1 |       ||     1
Dodge: Dodged            |     4 |     8 ||    12
